 Dungeon Crawl Stone Soup version 0.28-a0-1506-g3893175d92 (webtiles) character file.

Game seed: 6252402498634544780

796 karrick the Cudgeller (level 7, -4/44 HPs)
             Began as a Gargoyle Fighter on Jan 14, 2022.
             Shot with an arrow by a centaur (11 damage)
             ... on level 5 of the Dungeon.
             The game lasted 00:08:07 (4656 turns).

karrick the Cudgeller (Gargoyle Fighter)            Turns: 4656, Time: 00:08:08

Health: -4/44      AC: 14    Str: 19    XL:     7   Next: 89%
Magic:  7/7        EV: 10    Int:  9    God:
Gold:   94         SH:  5    Dex: 11    Spells: 6/6 levels left

rFire   + . .      SeeInvis .   a - +0 flail
rCold   . . .      Faith    .   c - +0 buckler
rNeg    + . .      Spirit   .   b - +0 scale mail
rPois   ∞          Reflect  .   m - +0 helmet
rElec   +          Harm     .   (no cloak)
rCorr   .          Rampage  .   d - +0 pair of gloves
Will    .....                   (no boots)
Stlth   ..........              (no amulet)
HPRegen 0.14/turn               t - ring of protection from fire
MPRegen 0.10/turn               (no ring)

@: no status effects
A: sickness immunity, AC +4, negative energy resistance 1, electricity
resistance, torment resistance 1, petrification resistance
a: no special abilities


You were on level 5 of the Dungeon.
You visited 1 branch of the dungeon, and saw 6 of its levels.
You also visited: Sewer.

You collected 94 gold pieces.

Inventory:

Hand Weapons
 a - a +0 flail (weapon)
Missiles
 g - 5 javelins (quivered)
 p - 3 boomerangs
Armour
 b - a +0 scale mail (worn)
 c - a +0 buckler (worn)
 d - a +0 pair of gloves (worn)
 m - a +0 helmet (worn)
Jewellery
 t - a ring of protection from fire (left hand)
Scrolls
 f - 3 scrolls of blinking {unknown}
 h - 6 scrolls of identify {unknown}
 j - a scroll of enchant weapon {unknown}
 k - 4 scrolls of fear {unknown}
 l - 4 scrolls of magic mapping {unknown}
 n - a scroll of fog {unknown}
 r - 2 scrolls of immolation {unknown}
 s - a scroll of amnesia {unknown}
Potions
 e - a potion of magic {unknown}
 i - a potion of brilliance {unknown}
 o - 2 potions of heal wounds {unknown}
 q - a potion of lignification {unknown}
 u - a potion of curing {unknown}


   Skills:
 + Level 4.6 Fighting
 + Level 6.1 Maces & Flails
 + Level 5.1 Armour
 + Level 2.0 Dodging
 + Level 0.1 Stealth
 + Level 4.5 Shields


You had 6 spell levels left.
You didn't know any spells.
Your spell library contained the following spells:

 Spells                   Type           Power      Damage    Failure   Level
 Pain                     Necr           0%         1d4       83%         1
 Frozen Ramparts          Ice            0%         1d2       99%         3
 Ice Form                 Ice/Tmut       0%         N/A       100%        4
 Summon Ice Beast         Ice/Summ       0%         N/A       100%        4
 Agony                    Necr           0%         N/A       100%        5
 Excruciating Wounds      Necr           0%         N/A       100%        5


Dungeon Overview and Level Annotations

Branches:
Dungeon (6/15)              Sewer (visited)
 Temple: D:4-7

Altars:
Elyvilon
Fedhas
Gozag
Qazlal
Sif Muna

Annotations:
D:4 Grinder


Innate Abilities, Weirdness & Mutations

You are immune to sickness and miasma.
Your stone body is resilient. (AC +4)
You are immune to poison.
You resist negative energy. (rN+)
You are resistant to electric shocks. (rElec)
You are resistant to unholy torment.
You are immune to petrification.


Message History

The gnoll shaman hits you with a +0 whip!
There is a stone staircase leading down here.
You hit the gnoll shaman but do no damage.
The gnoll shaman hits you with a +0 whip.
The hound bites you.
A gnoll comes into view. It is wielding a +0 spear.
You completely miss the gnoll shaman. The hound bites you but does no damage.
The gnoll shaman hits you with a +0 whip!
You are too injured to fight recklessly!
You are too injured to fight recklessly!
You are too injured to fight recklessly!
Unknown command.
The hound bites you.
The centaur unwields a +0 shortbow.
The centaur barely misses you.
The centaur kicks you but does no damage.
You block the gnoll shaman's attack. The hound barely misses you.
The centaur barely misses you. The centaur kicks you.
You climb downwards.
There is a stone staircase leading up here.
Unknown command.
The hound bites you.
* * * LOW HITPOINT WARNING * * *
The gnoll shaman hits you but does no damage.
There is an escape hatch in the ceiling here.
The hound bites you.
* * * LOW HITPOINT WARNING * * *
The centaur hits you but does no damage.
You block the centaur's attack. The gnoll shaman barely misses you.
The hound bites you but does no damage. A mysterious force pulls you upwards.
The hatch slams shut behind you.
Found a dagger.
Found five altars.
Found a stone staircase leading down.
The centaur wields a +0 shortbow.
The centaur shoots an arrow.
The arrow hits you.
* * * LOW HITPOINT WARNING * * *
The hound bites you.
* * * LOW HITPOINT WARNING * * *
You block the hound's attack.
The centaur shoots an arrow.
The arrow hits you but does no damage. You block the hound's attack.
The centaur shoots an arrow.
The arrow hits you!
You die...

### ..# ##.## #####
###@###
............##8...8#
............##.hg..##
............#_...c._#
........<...##.....##
............##8..)8#
............##.....#
............#_....._
.?..........##.....##


You could see a centaur, a gnoll shaman and a hound.

Vanquished Creatures
  A water moccasin (D:3)
  A sky beast (D:6)
  An ogre (D:4)
  A centaur (D:6)
  A howler monkey (D:5)
  An orc priest (D:4)
  A bullfrog skeleton (D:6)
  An orc wizard (D:3)
  A hell rat (Sewer)
  A killer bee zombie (D:6)
  A gnoll (D:5)
  6 adders
  3 river rats (Sewer)
  A white imp (D:6)
  2 worms
  3 dart slugs
  22 orcs
  10 bats
  8 endoplasms
  7 giant cockroaches
  5 goblins (D:1)
  7 hobgoblins
  3 jackals
  14 kobolds
  5 quokkas
  4 ball pythons
  A frilled lizard (D:2)
  10 rats
122 creatures vanquished.

Vanquished Creatures (others)
  A bullfrog zombie (D:5)
  2 fungi (D:1)
3 creatures vanquished.

Grand Total: 125 creatures vanquished

Notes
Turn   | Place    | Note
-------+----------+-------------------------------------------
     0 | D:1      | karrick the Gargoyle Fighter began the quest for the Orb.
     0 | D:1      | Reached XP level 1. HP: 14/14 MP: 1/1
    34 | D:1      | Found a faded altar of an unknown god.
   235 | D:1      | Reached XP level 2. HP: 17/19 MP: 2/2
   479 | D:1      | Reached XP level 3. HP: 17/23 MP: 3/3
  1531 | D:2      | Reached XP level 4. HP: 26/28 MP: 4/4
  1624 | D:2      | Reached skill level 3 in Maces & Flails
  2095 | D:3      | Noticed a water moccasin
  2115 | D:3      | Killed a water moccasin
  2116 | D:3      | Reached skill level 4 in Maces & Flails
  2116 | D:3      | Reached XP level 5. HP: 3/33 MP: 5/5
  2430 | D:3      | Found a glowing drain.
  2444 | Sewer    | Entered a sewer
  2454 | Sewer    | Reached skill level 1 in Dodging
  2569 | Sewer    | Reached XP level 6. HP: 28/38 MP: 6/6
  3534 | D:4      | Reached skill level 5 in Maces & Flails
  3625 | D:4      | Noticed Grinder
  3776 | D:3      | Reached XP level 7. HP: 37/43 MP: 7/7
  4087 | D:5      | Entered Level 5 of the Dungeon
  4335 | D:6      | Reached skill level 5 in Armour
  4618 | D:5      | Reached skill level 6 in Maces & Flails
  4653 | D:5      | Found a blossoming altar of Fedhas.
  4653 | D:5      | Found a white marble altar of Elyvilon.
  4653 | D:5      | Found a shimmering blue altar of Sif Muna.
  4653 | D:5      | Found an opulent altar of Gozag.
  4653 | D:5      | Found a stormy altar of Qazlal.
  4656 | D:5      | Shot with an arrow by a centaur

Illustrated notes

Levels and vault maps discovered:
D:1:      onia_arrival_pyramid, layout_basic, dreamdust_ecumenical_altar_grove
D:2:      layout_rooms
D:3:      layout_rooms, gup_sewer_entry_pipe, st_stairs_11,
          minmay_misc_feat_four_crosses
D:4:      layout_basic, mainiacjoe_overflow_alcove_1, uniq_natasha, uniq_grinder
D:5:      layout_gridville, nicolae_overflow_hidden_temple
D:6:      layout_rooms, grunt_temple_overflow_bloody_war,
          nicolae_overflow_crystal_walls, temple_statues, minivault_22

Skill      XL: |  1  2  3  4  5  6  7 |
---------------+----------------------+-----
Maces & Flails | 4 5 6 |  6.1
Armour         | 4 5 |  5.1
Shields        | 4 |  4.5
Dodging        | 1 2 |  2.0
Fighting       | 4 |  4.6
Stealth        | |  0.1

Action                   |  1- 3 |  4- 6 |  7- 9 || total
-------------------------+-------+-------+-------++-------
Melee: Flail             |   136 |   267 |   109 ||   512
  Use: Potion            |       |     4 |       ||     4
Armor: Scale mail        |    86 |   159 |    76 ||   321
Dodge: Dodged            |    72 |   147 |    59 ||   278
Block: Buckler           |    37 |    65 |    36 ||   138

Table legend: (Time is in decaauts)
 A = Elapsed time spent in this place.
 B = Non-inter-level travel time spent in this place.
 C = Inter-level travel time spent in this place.
 D = Time resting spent in this place.
 E = Time spent auto-exploring this place.
 F = Levels seen in this place.
 G = Mean time per level.
                   A        B        C        D        E       F      G
               +--------+--------+--------+--------+--------+-----+--------+
         Total |   4804 |   4750 |     54 |    898 |   2638 |   7 |  686.3 |
       Dungeon |   4365 |   4311 |     54 |    828 |   2394 |   6 |  727.5 |
         Sewer |    439 |    439 |      0 |     70 |    243 |   1 |  439.0 |
               +--------+--------+--------+--------+--------+-----+--------+

Top non-repeatable levels by time:
     D:3: 1441 daAuts
     D:1: 1423 daAuts
     D:2: 710 daAuts
     D:6: 516 daAuts
   Sewer: 439 daAuts
     D:4: 208 daAuts
     D:5: 64 daAuts
